 Dungeon Crawl Stone Soup version 0.32-a0-791-gfc315c9ecd (webtiles) character file.

Game seed: 7111994528935905966

184762 NovaChaser the Warrior (level 17, -3/161 HPs)
             Began as a Grey Draconian Delver on Mar 20, 2024.
             Was the Champion of Beogh.
             Incinerated by a sun moth (10 damage)
             ... with a flurry of pyrophoric scales
             ... on level 4 of the Spider Nest.
             The game lasted 01:13:31 (37305 turns).

NovaChaser the Warrior (Grey Draconian Delver)     Turns: 37305, Time: 01:13:31

Health: -3/161     AC: 20    Str: 19 (22) XL:     17   Next: 79%
Magic:  4/24       EV: 31    Int: 12 (17) God:    Beogh [******]
Gold:   1227       SH: 14    Dex: 20 (22) Spells: 16/16 levels left

rFire   . . .        l - +9 scimitar of Aggoo {flame, Int+5}
rCold   . . .        S - +0 kite shield
rNeg    . . .        (body armour unavailable)
rPois   .            K - +1 hat {Stlth+}
rElec   .            r - +0 cloak {Stlth+}
rCorr   .            a - +0 pair of gloves {Str+3}
SInv    .            k - +2 pair of boots of Zin, Winnowing {Str+5}
Will    ++...        g - amulet of regeneration
Stlth   ++           E - +5 ring of evasion
HPRegen 1.26/turn    G - ring of Life {Will+ EV+5 Dex+2}
MPRegen 0.19/turn

%: no passive effects
@: on fire, glowing
A: walk on water, mud breath, mud-swimmer, AC +14, amphibious, unfitting armour,
cold-blooded
a: Mud Breath, Renounce Religion, Smiting, Recall Apostles, Blood for Blood,
Dismiss Zorug, warrior, Dismiss Nordag, warrior, Dismiss Garbold, wizard


You were on level 4 of the Spider Nest.
You worshipped Beogh.
Beogh was exalted by your worship.
You visited 4 branches of the dungeon, and saw 26 of its levels.
You visited the Abyss 1 time.
You also visited: Ice Cave and Volcano.

You collected 2914 gold pieces.
You spent 1687 gold pieces at shops.

Inventory:

Hand Weapons
 l - the +9 scimitar of Aggoo (weapon) {flame, Int+5}
   (You bought it in a shop on level 9 of the Dungeon)

   Int+5:     It affects your intelligence (+5).
 U - a +4 demon trident of venom
 X - a +2 demon trident of freezing
Missiles
 v - 4 throwing nets {=f!f}
Armour
 a - a +0 pair of gloves of strength (worn)
 k - the +2 pair of boots of Zin, Winnowing (worn) {Str+5}
   (You bought it in a shop on level 1 of the Orcish Mines)

   Str+5:     It affects your strength (+5).
 r - a +0 cloak of stealth (worn)
 J - a scarf of harm
 K - a +1 hat of stealth (worn)
 S - a +0 kite shield (worn)
Jewellery
 g - an amulet of regeneration (around neck)
 A - an amulet of the acrobat
 C - a ring of ice
 E - a +5 ring of evasion (left hand)
 G - the ring of Life (right hand) {Will+ EV+5 Dex+2}
   (You found it on level 6 of the Dungeon)

   [ring of evasion]

   EV+5:      It affects your evasion (+5).
   Dex+2:     It affects your dexterity (+2).
   Will+:     It increases your willpower.
 L - a ring of flight
 N - a ring of positive energy
 V - the ring of Eternity {Will+ MP+9 Slay+2}
   (You found it on level 10 of the Dungeon)

   [ring of magical power]

   Slay+2:    It affects your accuracy & damage with ranged weapons and melee
   (+2).
   Will+:     It increases your willpower.
   MP+9:      It affects your magic capacity (+9).
 W - a ring of magical power
 Z - a ring of wizardry
Wands
 f - a wand of digging (16)
 h - a wand of polymorph (16)
 z - a wand of charming (6)
 F - a wand of flame (63)
Scrolls
 b - 4 scrolls of fog
 c - 5 scrolls of revelation
 e - 4 scrolls of immolation {!r!r}
 i - 9 scrolls of enchant weapon
 n - 6 scrolls of vulnerability {!r!r}
 q - 4 scrolls of identify {@r1}
 s - 5 scrolls of blinking {!r}
 x - 6 scrolls of amnesia
 y - 3 scrolls of enchant armour
 D - a scroll of teleportation {@r4}
 I - 2 scrolls of fear
 O - 2 scrolls of brand weapon
 Y - 4 scrolls of silence {!r!r}
Potions
 d - 7 potions of might
 j - 10 potions of mutation {!q}
 m - 8 potions of attraction {!q}
 o - a potion of resistance
 p - 3 potions of enlightenment
 w - 4 potions of haste {@q3}
 B - 4 potions of cancellation
 H - 2 potions of invisibility
 M - a potion of ambrosia
 P - 8 potions of brilliance
 T - 4 potions of curing {@q1}
Miscellaneous
 Q - a sack of spiders (inert)
 R - a phial of floods (inert)


   Skills:
 + Level 17.2 Fighting
 - Level 14.0 Short Blades
 + Level 14.5 Dodging
 - Level 5.0 Stealth
 + Level 14.9 Shields
 - Level 10.0 Invocations
 - Level 5.0 Evocations
 - Level 10.0 Shapeshifting


You had 16 spell levels left.
You didn't know any spells.
Your spell library contained the following spells:

 Spells                   Type           Power      Damage    Failure   Level
 Apportation              Tloc           0%         N/A       47%         1
 Freeze                   Ice            0%         1d3       47%         1
 Kiss of Death            Conj/Necr      0%         2d5       47%         1
 Magic Dart               Conj           0%         1d3       47%         1
 Necrotise                Necr           0%         1d4       47%         1
 Sandblast                Erth           0%         2d4       47%         1
 Slow                     Hex            0%         N/A       47%         1
 Sting                    Conj/Alch      0%         1d3       47%         1
 Summon Small Mammal      Summ           0%         N/A       47%         1
 Ensorcelled Hibernation  Hex/Ice        0%         N/A       63%         2
 Lesser Beckoning         Tloc           0%         N/A       63%         2
 Searing Ray              Conj           0%         2d4       63%         2
 Confusing Touch          Hex            0%         N/A       85%         3
 Frozen Ramparts          Ice            0%         1d1       85%         3
 Gell's Gravitas          Tloc           0%         N/A       85%         3
 Hailstorm                Conj/Ice       0%         3d5       85%         3
 Passwall                 Erth           0%         N/A       85%         3
 Stone Arrow              Conj/Erth      0%         3d7       85%         3
 Summon Ice Beast         Ice/Summ       0%         N/A       85%         3
 Swiftness                Air            0%         N/A       85%         3
 Teleport Other           Tloc           0%         N/A       85%         3
 Tukima's Dance           Hex            0%         N/A       85%         3
 Vampiric Draining        Necr           0%         2d6       85%         3
 Animate Dead             Necr           0%         N/A       99%         4
 Brom's Barrelling Bould  Conj/Erth      0%         2d3       99%         4
 Dispel Undead            Necr           0%         3d6       99%         4
 Fulminant Prism          Conj/Alch      0%         3d5       99%         4
 Leda's Liquefaction      Alch/Erth      0%         N/A       99%         4
 Passage of Golubria      Tloc           0%         N/A       99%         4
 Petrify                  Alch/Erth      0%         N/A       99%         4
 Vhi's Electric Charge    Tloc/Air       0%         N/A       99%         4
 Alistair's Intoxication  Alch           0%         N/A       100%        5
 Arcjolt                  Conj/Air       0%         1d10      100%        5
 Borgnjor's Vile Clutch   Necr/Erth      0%         N/A       100%        5
 Fireball                 Conj/Fire      0%         3d3       100%        5
 Irradiate                Conj/Alch      0%         3d11      100%        5
 Iskenderun's Battlesphe  Conj           0%         2d6       100%        5
 Lee's Rapid Deconstruct  Erth           0%         3d4*      100%        5
 Metabolic Englaciation   Hex/Ice        0%         N/A       100%        5
 Yara's Violent Unravell  Hex/Alch       0%         3d3       100%        5
 Conjure Ball Lightning   Conj/Air       0%         3x3d6     100%        6
 Dispersal                Tloc           0%         N/A       100%        6
 Eringya's Noxious Bog    Alch           0%         4d6       100%        6
 Permafrost Eruption      Ice/Erth       0%         2x4d2     100%        6
 Plasma Beam              Fire/Air       0%         2x1d10    100%        6
 Sculpt Simulacrum        Ice/Alch       0%         N/A       100%        6
 Summon Cactus Giant      Summ           0%         N/A       100%        6
 Haunt                    Necr/Summ      0%         N/A       100%        7
 Orb of Destruction       Conj           0%         9d5       100%        7
 Ozocubu's Refrigeration  Ice            0%         4d7       100%        7
 Infestation              Necr           0%         N/A       100%        8
 Polar Vortex             Ice            0%         N/A       100%        9


Dungeon Overview and Level Annotations

Branches:
Dungeon (15/15) Temple (0/1) D:7 Lair (5/5) D:11 Swamp (0/4) Lair:2 Spider (4/4) Lair:3 Slime (0/5) Lair:5 Orc (2/2) D:12 Elf (0/3) Orc:2 Vaults (0/5) D:13 D:14 Depths (0/4) D:15 IceCv (visited) Volcano (visited)

Altars:
Elyvilon
Fedhas
Kikubaaqudgha
Qazlal
Yredelemnul
The Shining One
Beogh

Shops:
D:5 !   D:9 (   Orc:1 [   Orc:2 :*[??

Portals:
Pandemonium: Orc:2


Innate Abilities, Weirdness & Mutations

You can walk on water.
Your facial features are unmistakably orcish.
You can breathe torrents of mud.
You are unimpeded by mud.
Your dull iron-grey scales are very hard. (AC +14)
You are amphibious.
You cannot fit into any form of body armour.
You are cold-blooded and may be slowed by cold attacks.


Message History

You miss the sun moth. The liquid fire burns you!
* * * LOW HITPOINT WARNING * * *
The sun moth's wings beat fiercely.
You block the flurry of pyrophoric scales.
Your magical contamination has completely faded away.
You feel much better. The liquid fire burns you!
* * * LOW HITPOINT WARNING * * *
The sun moth's wings beat fiercely.
The flurry of pyrophoric scales hits you.
You are even more covered in intense liquid fire!
Aiming: Mud Breath
Press: ? - help, Shift-Dir - straight line, f/p - sun moth
Aim: a sun moth (almost dead, 88% to hit)
You spew a torrent of mud.
The ball of mud hits the sun moth!!
You kill the sun moth!
Beogh accepts your kill.
The mud splashes down.
The liquid fire burns you!
* * * LOW HITPOINT WARNING * * *
You shake off some of the fire as you move.
The liquid fire burns you!
* * * LOW HITPOINT WARNING * * *
Blink to where?
Press: ? - help, Q - select action, (/) - cycle Dir - move target
As you read the scroll of blinking {!r}, it crumbles to dust.
The liquid fire burns you!
* * * LOW HITPOINT WARNING * * *
Read: scroll of butterflies
Press: ? - help, Q - select action, (/) - cycle Dir - look around, f - activate
As you read the scroll of butterflies, it crumbles to dust.
You hear the flapping of tiny wings.
The liquid fire burns you!
* * * LOW HITPOINT WARNING * * *
You swap places.
You shake off some of the fire as you move.
The liquid fire burns you!
* * * LOW HITPOINT WARNING * * *
Your butterfly evades a web.
Your butterfly is caught in a web! x4
Your butterfly evades a web.
Your butterfly is caught in a web!
Your butterfly struggles to get unstuck from the web.
Your butterfly is caught in a web!
Your butterfly pulls away from the web.
Your butterfly evades a web.
Your butterfly struggles to get unstuck from the web.
Your butterfly pulls away from the web.
You swap places.
You shake off some of the fire as you move.
The liquid fire burns you!
You die...

............. ##.....^....
...........^ #^.......... ..^..
.^..##### ##...........
.....##^^##~.^### ##.......^..^^
.....^..##~..bb.####.≈≈..^~.#####
.........^^.†bb^b^########...^...
...^~~†~~.bbbb.bb.^^b^....^......
..^.~~†~~.bb.bbbb#b^......†......
..^~^~†~~.b†bb.b@bbb..^.........^
^..^##^†~~^.bbbbb#..............^
...^~~~#####bb~.^...b^........^.#
......~^...########≈..^^.^^^#####
^.^.......^~~. ########^...^^.
#.~........... #^..^~.~~......
#^~^.^.....^.. ##.............
###..^........ ##....^.......
###......... ##..^..~~~..#


There were no monsters in sight!

Vanquished Creatures
  The ghost of Qeaxauw the Slayer, an adept OnBr of Okawaru (Spider:1)
  A Hell Sentinel (Abyss:2)
  A tentacled starspawn (Abyss:2)
  Gastronok (D:10)
  4 emperor scorpions
  3 ghost moths
  A stone giant (D:10)
  A broodmother (Spider:3)
  Nessos (D:14)
  A red draconian (Volcano)
  4 spark wasps (Spider:4)
  Snorg (D:12)
  3 entropy weavers
  4 hydras
  The ghost of Notanamesir the Mimic, a journeyman MfSh of Wu Jian (D:10)
  An ogre mage (D:11)
  3 radroaches
  3 death yaks (Lair:5)
  3 two-headed ogres
  5 centaur warriors
  2 demonspawn (Orc:2)
  5 boulder beetles
  4 orc high priests (Orc:2)
  A demonic crawler (Spider:2)
  An occultist (Abyss:2)
  A thrashing horror (Abyss:2)
  A sun demon (Orc:2)
  A skeletal warrior (D:14)
  A large abomination (Abyss:2)
  2 orb spiders
  A sun moth (Spider:4)
  Pikel (D:4)
  A lindwurm (Lair:5)
  A harpy (shapeshifter) (D:13)
  4 steelbarb worms
  2 deep elf pyromancers
  3 orc knights
  3 obsidian bats
  8 cyclopes
  2 ugly things
  6 wolf spiders
  2 orc sorcerers (Orc:2)
  A moth of wrath (Spider:4)
  5 manticores
  3 kobold blastminers (Orc:1)
  3 meliai
  A molten gargoyle (Volcano)
  3 torpor snails
  5 black mambas
  2 gargoyles
  A rime drake (Lair:4)
  10 cane toads
  6 komodo dragons
  2 unseen horror zombies (D:9)
  3 yaktaurs
  An efreet (D:13)
  Psyche (D:10)
  2 tengu conjurers (D:15)
  3 trolls
  3 hornets (Spider:4)
  A polar bear (shapeshifter) (D:13)
  6 polar bears (IceCv)
  10 tarantellas
  5 blink frogs
  3 dream sheep (Lair:5)
  Sigmund (D:2)
  11 culicivoras
  3 shadows
  A centaur simulacrum (D:15)
  22 jumping spiders
  Eustachio (D:4)
  40 yaks
  3 vampires
  A fire bat (Volcano)
  2 wyverns
  3 hogs (Lair:3)
  2 wraiths
  3 basilisks
  2 wargs (Orc:1)
  6 humans
  A neqoxec (Abyss:2)
  13 redbacks
  Edmund (D:4)
  A chaos spawn (Abyss:2)
  2 steam dragons
  3 vampire mosquitoes (D:12)
  3 acid dragons
  7 water moccasins
  8 orc warriors
  An ice beast (D:6)
  6 black bears
  2 sky beasts
  2 ogres
  2 laughing skulls
  21 wolves
  A boggart (D:11)
  8 centaurs
  2 phantoms (D:6)
  A lemure (D:3)
  A weeping skull (Abyss:2)
  A kobold brigand (D:8)
  9 bullfrogs
  Blork the orc (D:6)
  4 gnoll sergeants
  2 scorpions (D:6)
  13 wights
  Dowan (D:6)
  2 killer bees (D:11)
  A howler monkey (D:11)
  4 electric eels
  3 lava snakes (Volcano)
  A bombardier beetle (D:5)
  3 jellies
  A hound (D:6)
  6 orc priests
  A sleepcap (D:5)
  Natasha (D:4)
  7 iguanas
  15 orc wizards
  A hell rat (Lair:1)
  2 killer bee zombies (D:9)
  A howler monkey zombie (D:9)
  Robin (D:2)
  17 gnolls
  12 adders
  2 shadow imps
  A white imp (D:5)
  4 dart slugs
  A ribbon worm (D:3)
  23 orcs
  5 endoplasms
  6 giant cockroaches
  9 goblins
  9 hobgoblins
  11 jackals
  11 kobolds
  6 quokkas
  8 ball pythons
  4 bats
  3 frilled lizards
  4 rats (D:2)
  A starspawn tentacle (Abyss:2)
581 creatures vanquished.

Vanquished Creatures (collateral kills)
  Mara (Spider:3)
  Arachne (Spider:2)
  A hellephant (Abyss:2)
  Jorgrun (D:12)
  2 tentacled starspawn (Abyss:2)
  Kirke (Lair:3)
  A frost giant (IceCv)
  2 ghost moths
  The ghost of casual the Martial Artist, a journeyman GnMo of Cheibriados (Orc:2)
  2 spark wasps (Spider:4)
  A slime creature (D:14)
  An ettin (D:15)
  A rakshasa (Abyss:2)
  3 hydras
  Erica (Lair:2)
  3 centaur warriors (D:15)
  2 radroaches (Spider:2)
  5 boulder beetles
  3 catoblepae (Lair:5)
  A jorogumo (Spider:2)
  2 two-headed ogres
  4 death yaks
  An orc high priest (Spider:1)
  Urug (D:12)
  2 thrashing horrors (Abyss:2)
  2 tengu warriors
  An occultist (D:15)
  A skyshark (Lair:3)
  A sixfirhy (Orc:2)
  2 large abominations (Abyss:2)
  8 skeletal warriors
  2 pharaoh ants
  4 orb spiders
  A steelbarb worm (Spider:2)
  A deep elf pyromancer (D:10)
  An orc knight (Orc:1)
  2 cyclopes (Orc:2)
  7 wolf spiders
  2 orc sorcerers (Orc:2)
  2 manticores
  5 ugly things
  3 oklob plants (Lair:5)
  3 elephants
  An ice statue (IceCv)
  An apocalypse crab (Abyss:2)
  2 rust devils (Orc:2)
  A smoke demon (Abyss:2)
  A kobold blastminer (Orc:2)
  2 black mambas (Lair:5)
  2 torpor snails
  A molten gargoyle (Volcano)
  An unseen horror (shapeshifter) (D:14)
  An unseen horror zombie (D:9)
  6 cane toads
  4 komodo dragons
  A kobold demonologist (D:10)
  A rime drake (Lair:4)
  A tengu conjurer (D:15)
  An ancient zyme (Abyss:2)
  A red devil (D:13)
  2 trolls
  2 hellwings
  6 polar bears
  8 tarantellas
  8 blink frogs
  8 dream sheep
  19 jumping spiders
  3 shadows
  27 yaks
  4 basilisks
  12 culicivoras
  3 vampires
  3 wyverns (Lair:4)
  A ynoxinul (Abyss:2)
  A hog (Lair:3)
  11 humans
  A wraith (D:10)
  4 small abominations
  A fire elemental (Abyss:2)
  20 redbacks
  4 fire bats (Volcano)
  Menkaure (D:6)
  2 chaos spawn (Abyss:2)
  An acid dragon (D:11)
  6 water moccasins
  2 hell hounds (Lair:1)
  3 black bears
  2 laughing skulls
  7 orc warriors
  2 ogres (Orc:1)
  3 boggarts (D:14)
  23 wolves
  4 centaurs
  2 bullfrogs
  A gnoll sergeant (D:11)
  12 wights
  A killer bee (D:11)
  3 lava snakes (Volcano)
  A centaur zombie (D:9)
  A quasit (Abyss:2)
  2 orc priests
  A gnoll bouda (Lair:2)
  A starcursed mass (Abyss:2)
  2 orc wizards
  5 hell rats (Lair:1)
  2 mummies (D:6)
  A howler monkey zombie (D:9)
  2 gnolls (D:10)
  A white imp (Abyss:2)
  2 orcs
  6 starspawn tentacles (Abyss:2)
370 creatures vanquished.

Vanquished Creatures (others)
  4 orc warlords (Spider:3)
  18 orc apostles
  A centaur warrior (D:10)
  5 orc high priests
  11 orc knights
  4 orc sorcerers (Orc:2)
  A wolf spider (D:10)
  A komodo dragon (D:11)
  4 hornets (Spider:4)
  A culicivora (Spider:2)
  3 yaks
  A hog (Lair:3)
  A human (D:13)
  Duvessa (D:6)
  A black bear (D:7)
  19 orc warriors
  A wight (D:8)
  26 orc priests
  An orc wizard (D:10)
  24 orcs
  11 foxfires (Lair:2)
  7 starspawn tentacles (Abyss:2)
146 creatures vanquished.

Grand Total: 1097 creatures vanquished

Notes
Turn   | Place    | Note
-------+----------+-------------------------------------------
     0 | D:5      | NovaChaser the Draconian Delver began the quest for the
                  | Orb.
     0 | D:5      | Reached XP level 1. HP: 19/19 MP: 1/1
   189 | D:2      | Noticed Sigmund
   396 | D:3      | Reached XP level 2. HP: 26/26 MP: 2/2
   911 | D:1      | Reached XP level 3. HP: 20/33 MP: 3/3
  1983 | D:2      | Noticed Robin
  1999 | D:2      | Killed Robin
  2000 | D:2      | Reached XP level 4. HP: 34/40 MP: 4/4
  2369 | D:2      | Reached skill level 4 in Fighting
  2439 | D:2      | Killed Sigmund
  2440 | D:2      | Reached skill level 3 in Short Blades
  2440 | D:2      | Reached skill level 3 in Dodging
  2440 | D:2      | Reached XP level 5. HP: 39/47 MP: 5/5
  2624 | D:2      | Reached XP level 6. HP: 45/55 MP: 6/6
  2787 | D:3      | Reached skill level 5 in Fighting
  2973 | D:3      | Became a worshipper of Beogh the Shepherd
  3332 | D:4      | Noticed Pikel
  3569 | D:4      | Killed Pikel
  3570 | D:4      | Reached skill level 6 in Fighting
  3570 | D:4      | Your scales start taking on a dull iron-grey colour.
  3570 | D:4      | Reached XP level 7. HP: 34/63 MP: 7/7
  3704 | D:4      | Noticed Edmund
  3731 | D:4      | Killed Edmund
  3737 | D:4      | Reached skill level 6 in Short Blades
  3737 | D:4      | Reached XP level 8. HP: 68/70 MP: 8/8
  3838 | D:4      | Noticed Natasha
  3845 | D:4      | Killed Natasha
  3945 | D:4      | Noticed Eustachio
  3970 | D:4      | Killed Eustachio
  3971 | D:4      | Reached skill level 1 in Evocations
  4176 | D:4      | Reached * piety under Beogh
  4400 | D:5      | Reached skill level 7 in Fighting
  4664 | D:5      | Found Imirikol's Distillery.
  4741 | D:5      | Bought a potion of curing for 36 gold pieces
  4741 | D:5      | Bought a potion of cancellation for 96 gold pieces
  4945 | D:6      | Noticed Blork the orc
  4960 | D:6      | Reached XP level 9. HP: 79/79 MP: 9/9
  4967 | D:6      | Killed Blork the orc
  4968 | D:6      | Reached skill level 3 in Evocations
  5043 | D:6      | Noticed Duvessa
  5043 | D:6      | Noticed Dowan
  5115 | D:6      | Reached ** piety under Beogh
  5380 | D:6      | Your ally Duvessa died
  5422 | D:6      | Killed Dowan
  5478 | D:6      | Reached skill level 6 in Dodging
  5516 | D:6      | Found a transporter.
  5538 | D:6      | Found an ancient bone altar of Kikubaaqudgha.
  5544 | D:6      | Noticed Menkaure
  5552 | D:6      | Found a basalt altar of Yredelemnul.
  5555 | D:6      | Found a transporter.
  5698 | D:6      | Noticed a troll
  5702 | D:6      | Killed a troll
  5940 | D:7      | Reached skill level 8 in Fighting
  5944 | D:7      | Reached skill level 1 in Invocations
  6189 | D:7      | Reached skill level 9 in Short Blades
  6601 | D:7      | Reached XP level 10. HP: 88/88 MP: 11/11
  6745 | D:7      | Found a staircase to the Ecumenical Temple.
  7439 | D:8      | Reached *** piety under Beogh
  7450 | D:8      | Noticed Zorug
  7471 | D:8      | Anointed Zorug the warrior as your apostle
  7882 | D:9      | Reached skill level 3 in Invocations
  8238 | D:9      | Noticed Bladwarg
  8289 | D:9      | Anointed Bladwarg the priest as your apostle
  8339 | D:9      | Found Emufudi's Antique Weapon Shop.
  8359 | D:9      | Found a white marble altar of Elyvilon.
  8467 | D:9      | Reached skill level 9 in Fighting
  8615 | D:9      | Noticed a two-headed ogre
  8626 | D:9      | Killed a two-headed ogre
  9369 | D:10     | Entered Level 10 of the Dungeon
  9392 | D:10     | Found a transporter.
  9414 | D:10     | Noticed Psyche
  9418 | D:10     | Killed Psyche
  9419 | D:10     | Reached XP level 11. HP: 97/97 MP: 14/14
  9483 | D:10     | Noticed a boulder beetle
  9484 | D:10     | Noticed a deep elf pyromancer
  9486 | D:10     | Noticed a boulder beetle
  9504 | D:10     | Noticed Gastronok
  9527 | D:10     | Killed Gastronok
  9824 | D:10     | Found a transporter.
  9826 | D:10     | Noticed Notanamesir's ghost (journeyman MfSh)
 10283 | D:10     | Noticed a wolf spider
 10283 | D:10     | Noticed a stone giant
 10283 | D:10     | Noticed a centaur warrior
 10283 | D:10     | Noticed a deep elf pyromancer
 10298 | D:10     | Killed a stone giant
 10304 | D:10     | Killed a deep elf pyromancer
 10305 | D:10     | Reached skill level 10 in Fighting
 10655 | D:10     | Reached **** piety under Beogh
 11173 | D:11     | Noticed a boulder beetle
 11201 | D:11     | Killed a boulder beetle
 11202 | D:11     | Reached skill level 6 in Invocations
 11234 | D:11     | Noticed a green ugly thing
 11252 | D:11     | Killed a green ugly thing
 11253 | D:11     | Reached skill level 12 in Short Blades
 11401 | D:11     | Noticed a boulder beetle
 11424 | D:11     | Killed a boulder beetle
 11550 | D:11     | Found a staircase to the Lair.
 11761 | D:11     | Reached XP level 12. HP: 94/107 MP: 17/17
 11916 | D:11     | Noticed a two-headed ogre
 11928 | D:11     | Killed a two-headed ogre
 12062 | D:11     | Your ally Zorug died
 12069 | D:11     | Your ally Bladwarg died
 12197 | D:11     | Noticed Bogdan
 12223 | D:11     | Anointed Bogdan the wizard as your apostle
 12639 | D:11     | Found an ancient bone altar of Kikubaaqudgha.
 12640 | D:11     | Found a stormy altar of Qazlal.
 12640 | D:11     | Found a blossoming altar of Fedhas.
 12640 | D:11     | Found a glowing golden altar of the Shining One.
 12664 | D:11     | Noticed an ogre mage
 12667 | D:11     | Noticed a centaur warrior
 12702 | D:11     | Reached skill level 9 in Dodging
 12717 | D:11     | Killed a centaur warrior
 12718 | D:11     | Reached skill level 11 in Fighting
 12780 | D:11     | Killed an ogre mage
 12780 | D:11     | Noticed a tengu warrior
 12814 | D:11     | Killed a tengu warrior
 12916 | D:11     | Identified the +2 broad axe "Seofron" {heavy, Str+3}
 13388 | D:12     | Identified the +1 ring mail of the Constellations {Harm
                  | rElec Dex-2}
 13591 | D:12     | Noticed Snorg
 13600 | D:12     | Killed Snorg
 13601 | D:12     | Reached skill level 1 in Shields
 13724 | D:12     | Noticed Jorgrun
 13755 | D:12     | HP: 2/110 [constriction (4)]
 13756 | D:12     | Killed Jorgrun
 13770 | D:12     | Noticed Urug
 14131 | D:12     | Noticed a boulder beetle
 14171 | D:12     | Killed a boulder beetle
 14268 | D:12     | Reached skill level 3 in Shields
 14302 | D:12     | Reached ***** piety under Beogh
 14464 | D:12     | Found a staircase to the Orcish Mines.
 14982 | D:12     | Killed Urug
 15203 | D:12     | Found a staircase to the Orcish Mines.
 15260 | Lair:1   | Entered Level 1 of the Lair of Beasts
 15377 | Lair:1   | Found a dark tunnel.
 15397 | Volcano  | Entered a volcano
 15527 | Volcano  | Reached XP level 13. HP: 116/116 MP: 19/19
 15543 | Volcano  | Found a bloodstained altar of Trog.
 15570 | Volcano  | Noticed a red draconian
 15585 | Volcano  | Killed a red draconian
 15661 | Volcano  | Your ally Bladwarg died
 16655 | Lair:2   | Found a staircase to the Swamp.
 16710 | Lair:2   | Reached skill level 12 in Fighting
 16785 | Lair:2   | Noticed Erica
 16801 | Lair:2   | Killed Erica
 16802 | Lair:2   | Reached skill level 9 in Invocations
 17171 | Lair:2   | Reached skill level 6 in Shields
 17471 | Lair:2   | Identified the +1 robe "Joicw" {Str+2 Int+2}
 17471 | Lair:2   | Noticed Brandogh
 18309 | Lair:3   | Reached ****** piety under Beogh
 18387 | Lair:3   | Noticed Kirke
 18421 | Lair:3   | Your ally Bladwarg died
 18672 | Lair:3   | Reached skill level 1 in Shapeshifting
 18726 | Lair:3   | Killed Kirke
 19031 | Lair:3   | Found a hole to the Spider Nest.
 19489 | Lair:3   | Found a hole to the Spider Nest.
 20922 | Lair:4   | Reached XP level 14. HP: 127/127 MP: 21/21
 20936 | Lair:4   | Your ally Bogdan died
 21573 | Lair:5   | Entered Level 5 of the Lair of Beasts
 21746 | Lair:5   | Reached skill level 13 in Fighting
 21769 | Lair:5   | Reached skill level 3 in Shapeshifting
 21809 | Lair:5   | Reached skill level 9 in Shields
 21980 | Lair:5   | Found a staircase to the Slime Pits.
 22620 | Lair:5   | Anointed Nordag the warrior as your apostle
 22691 | Lair:5   | Identified the +9 war axe of Exoneration {freeze, Will+
                  | rCorr Stlth+}
 23103 | Orc:1    | Entered Level 1 of the Orcish Mines
 23564 | Orc:2    | Entered Level 2 of the Orcish Mines
 23587 | Orc:2    | Found a frozen archway.
 23601 | IceCv    | Entered an ice cave
 23629 | IceCv    | Reached XP level 15. HP: 137/137 MP: 22/22
 24045 | IceCv    | Noticed a frost giant
 24073 | IceCv    | Your ally Bladwarg died
 24074 | IceCv    | Killed a frost giant
 24152 | IceCv    | Identified the +1 robe of Tender Moments {Int+4}
 24424 | IceCv    | Reached skill level 14 in Fighting
 24641 | Orc:2    | Found Ytugiros's Magic Scroll Shoppe.
 24656 | Orc:2    | Bought a scroll of teleportation for 33 gold pieces
 24656 | Orc:2    | Bought a scroll of enchant weapon for 82 gold pieces
 24656 | Orc:2    | Bought a scroll of enchant weapon for 82 gold pieces
 24781 | Orc:2    | Found Nopsef's Magic Scroll Shoppe.
 24784 | Orc:2    | Found Saxzal's General Store.
 25057 | Orc:2    | Bought a scroll of enchant weapon for 120 gold pieces
 25057 | Orc:2    | Bought a scroll of teleportation for 48 gold pieces
 25057 | Orc:2    | Bought a scroll of teleportation for 48 gold pieces
 25057 | Orc:2    | Bought a scroll of teleportation for 48 gold pieces
 25057 | Orc:2    | Bought a scroll of silence for 152 gold pieces
 25059 | Orc:2    | Bought a potion of curing for 42 gold pieces
 25059 | Orc:2    | Bought a potion of invisibility for 112 gold pieces
 25059 | Orc:2    | Bought a scroll of enchant weapon for 105 gold pieces
 25117 | Orc:2    | Your ally Nordag died
 25280 | Orc:2    | Found a staircase to the Elven Halls.
 25281 | Orc:2    | Found a runed translucent gate.
 25281 | Orc:2    | Found a runed translucent gate.
 25281 | Orc:2    | Found a runed translucent gate.
 25301 | Orc:2    | Noticed casual's ghost (journeyman GnMo)
 25325 | Orc:2    | Paralysed by an orc sorcerer for 3 turns
 25619 | Orc:2    | Your ally Bladwarg died
 26139 | Orc:2    | Your ally Zorug died
 26584 | Orc:2    | Reached skill level 6 in Shapeshifting
 26599 | Orc:2    | Found Otruciuq's Book Boutique.
 26599 | Orc:2    | Found Faivos's Antique Armour Shop.
 26599 | Orc:2    | Found a one-way gate leading to the halls of Pandemonium.
 26769 | Orc:1    | Found Tahuita's Antique Armour Boutique.
 26794 | Orc:1    | Found a roughly hewn altar of Beogh.
 26805 | Orc:1    | Reached skill level 12 in Dodging
 26825 | Orc:1    | Bought a glowing cloak for 202 gold pieces
 26825 | Orc:1    | Bought a pair of transparent boots for 256 gold pieces
 26825 | Orc:1    | Identified the +2 pair of boots of Zin, Winnowing {Str+5}
                  | (You bought it in a shop on level 1 of the Orcish Mines)
 27504 | D:13     | Reached skill level 12 in Shields
 27632 | D:13     | Identified the +7 sling "Xuxzuuni" {elec, rF+ rC+ Will+}
 28052 | D:14     | Noticed Nessos
 28052 | D:14     | Found a gate to the Vaults.
 28065 | D:13     | Your ally Bladwarg died
 28109 | D:13     | Identified the +2 robe of the Wilderness {Fly rElec Str+3}
 28131 | D:13     | Paralysed by Garbold for 3 turns
 28136 | D:13     | Anointed Garbold the wizard as your apostle
 28250 | D:14     | Your ally Zorug died
 28298 | D:14     | Killed Nessos
 28388 | D:14     | Found a blossoming altar of Fedhas.
 29037 | D:15     | Entered Level 15 of the Dungeon
 29277 | D:15     | Reached XP level 16. HP: 137/147 MP: 23/23
 29286 | Abyss:2  | Cast into level 2 of the Abyss (an occultist)
 29375 | Abyss:2  | Noticed a tentacled monstrosity
 29392 | Abyss:2  | Found a corrupted altar of Lugonu.
 29407 | Abyss:2  | Found a corrupted altar of Lugonu.
 29415 | Abyss:2  | Found a corrupted altar of Lugonu.
 29415 | Abyss:2  | Found a corrupted altar of Lugonu.
 29421 | Abyss:2  | Noticed a tentacled starspawn
 29436 | Abyss:2  | Killed a tentacled starspawn
 29441 | Abyss:2  | Reached skill level 15 in Fighting
 29448 | Abyss:2  | Found a corrupted altar of Lugonu.
 29502 | Abyss:2  | Noticed a hellephant
 29521 | Abyss:2  | Killed a hellephant
 29574 | Abyss:2  | Noticed a Hell Sentinel
 29583 | Abyss:2  | Noticed a tentacled starspawn
 29603 | Abyss:2  | Noticed a tentacled starspawn
 29607 | Abyss:2  | Your ally Garbold died
 29609 | Abyss:2  | Killed a Hell Sentinel
 29612 | Abyss:2  | Killed a tentacled starspawn
 29625 | Abyss:2  | Killed a tentacled starspawn
 29663 | Abyss:2  | Paralysed by accursed screaming for 1 turns
 29668 | Abyss:2  | Paralysed by accursed screaming for 2 turns
 29679 | Abyss:2  | Paralysed by accursed screaming for 1 turns
 29789 | D:15     | Escaped the Abyss
 29870 | D:15     | Found a staircase to the Depths.
 29983 | D:15     | Identified the +6 quarterstaff "Tairchiph" {pain, *Slow
                  | Will+ Dex+5}
 30975 | D:6      | Killed Menkaure
 31038 | D:6      | Identified the ring of Life {Will+ EV+5 Dex+2}
 31047 | D:6      | Got the Octavo of Congregated Energy
 31520 | D:10     | Killed Notanamesir's ghost
 31592 | D:10     | Identified the ring of Eternity {Will+ MP+9 Slay+2}
 31812 | Orc:2    | Killed casual's ghost
 32073 | D:9      | Bought a shimmering scimitar for 225 gold pieces
 32073 | D:9      | Identified the +9 scimitar of Aggoo {flame, Int+5} (You
                  | bought it in a shop on level 9 of the Dungeon)
 32302 | Spider:1 | Entered Level 1 of the Spider Nest
 32532 | Spider:1 | Found a runed translucent gate.
 32532 | Spider:1 | Found a runed translucent gate.
 32532 | Spider:1 | Found a runed translucent gate.
 32669 | Spider:1 | Noticed Qeaxauw's ghost (adept OnBr)
 32922 | Spider:1 | Killed Qeaxauw's ghost
 33144 | Spider:2 | Noticed Arachne
 33153 | Spider:2 | Killed Arachne
 33154 | Spider:2 | Reached skill level 16 in Fighting
 33235 | Spider:2 | Reached skill level 9 in Shapeshifting
 33585 | Spider:2 | Reached XP level 17. HP: 158/158 MP: 24/24
 34328 | Spider:3 | Noticed Mara
 34332 | Spider:3 | Noticed NovaChaser's illusion
 34350 | Spider:3 | Your ally Nordag died
 34357 | Spider:3 | Your ally Garbold died
 34594 | Spider:3 | Your ally Zorug died
 34601 | Spider:3 | Noticed NovaChaser's illusion
 34611 | Spider:3 | Killed Mara
 35591 | Spider:4 | Entered Level 4 of the Spider Nest
 36920 | Spider:4 | Reached skill level 17 in Fighting
 36951 | Spider:4 | Your ally Zorug died
 36951 | Spider:4 | Your ally Nordag died
 37252 | Spider:4 | Your ally Garbold died
 37304 | Spider:4 | HP: 6/161 [burnt (4)]
 37305 | Spider:4 | Incinerated by a sun moth

Illustrated notes

Levels and vault maps discovered:
D:1:      orjb1_clovarrival, layout_loops_ring, serial_forest,
          infiniplex_forest_lined_room_3, infiniplex_forest_straight_4,
          infiniplex_forest_lined_2, infiniplex_forest_join,
          infiniplex_forest_clump_C, infiniplex_forest_straight_2,
          infiniplex_forest_zigzag_2, infiniplex_forest_fountain
D:2:      layout_basic, kennysheep_flooded_box, minmay_misc_feat_tiny,
          st_stairs_7, roderic_roman_lattice, moated_statue,
          grunt_decor_clamped, minmay_octomino_c4, uniq_robin, uniq_sigmund
D:3:      layout_rooms, serial_curves, eino_curves_03, eino_curves_01,
          minmay_starry_boxes
D:4:      layout_loops_cross, chequers_serial_rivers_room_a,
          mrwooster_statue_mirror, kennysheep_donut, uniq_eustachio,
          uniq_edmund, uniq_pikel, uniq_natasha
D:5:      layout_basic, serial_shops, nicolae_shop_tiny_statue_garden
D:6:      minmay_skewed_foursquare, layout_loops_ring,
          gammafunk_temple_of_torment, uniq_duvessa, uniq_blork_the_orc
D:7:      layout_gridville, minmay_temple_entry_proselytizer
D:8:      layout_loops_cross, hangedman_abyss_or_decor_stabs
D:9:      layout_loops_corners, nicolae_elyvilon_temple_path, serial_undead,
          serial_undead_a, serial_undead_a, serial_undead_c, serial_undead_c,
          serial_undead_e, serial_undead_e, serial_undead_d, serial_shops,
          nicolae_shop_scrapyard
D:10:     layout_basic, nzn_ghost_randoct, wad_scary_box, uniq_gastronok,
          uniq_psyche
D:11:     minmay_the_grid_octo_tiled_squarecenter
          [minmay_the_grid_octo_vomiting_pacman, minmay_the_grid_octo_shrine,
          minmay_the_grid_octo_checkered, minmay_the_grid_octo_clover_2,
          minmay_the_grid_square_5x5_megaprize_crossed,
          minmay_the_grid_square_5x5_beaten_path,
          minmay_the_grid_square_5x5_mess,
          minmay_the_grid_square_5x5_checkered_statues,
          minmay_the_grid_square_5x5_moneybag], layout_irregular_city,
          lair_entry_dummy
D:12:     layout_roguey, erik_orc_2, uniq_jorgrun, uniq_snorg, uniq_urug
D:13:     layout_gridville
D:14:     layout_roguey, david_vaults_3, nicolae_hexahallways, fedhas_altar_3
D:15:     hangedman_depths_entry_civil_slaughter, layout_gridville,
          serial_library_hellmonk_semicircle
Lair:1:   layout_loops_ring, enter_volcano_3, nzn_sisyphean_effort,
          grunt_megastairs_2
Lair:2:   layout_roguey, swamp_mist_pool, chequers_serial_rivers_micro_e,
          chequers_serial_rivers_small_b, minivault_23,
          dreamdust_gnoll_shepherd, infiniplex_staircase_pool_2,
          lemuel_fruit_tree, grunt_megastairs_5, uniq_erica
Lair:3:   gammafunk_indiana_jones, layout_cave_pods,
          spider_nest_entry_funnel_web, columned_hall_lemuel,
          patterned_corridor, uniq_kirke
Lair:4:   layout_roguey, chequers_serial_rivers_micro_a,
          eino_small_chamber_without_monster, beast_lair_carwin_3,
          grunt_megastairs_1
Lair:5:   evilmike_catoblepas_cave, layout_big_grid,
          minmay_slime_entry_oklob_enclosed, lemuel_fruit_fields
Spider:1: nicolae_spider_jumping_over_cracks [nicolae_spider_jumping_sub_grid,
          nicolae_spider_jumping_sub_lanes, nicolae_spider_jumping_sub_moat,
          nicolae_spider_jumping_sub_shuffled], ebering_ghost_rock_garden,
          hangedman_spider_mandibles
Spider:2: layout_spider_delve, drop_trap, uniq_arachne
Spider:3: layout_spider_delve, uniq_mara
Spider:4: grunt_spider_rune_parallel, spiders_nest_hornet_nest
Orc:1:    layout_diamond_mine, serial_shops, shop, basic_altar
Orc:2:    pf_orc_diabolical, layout_caves, serial_shops,
          nicolae_shop_gibbet_a_chance, portal_ice_cave_entry_pillars_1,
          gammafunk_ghost_split, nicolae_orc_flooded_monolith,
          minmay_orc_barracks

Skill      XL: |  1  2  3  4  5  6  7  8  9 10 11 12 13 14 15 16 17 |
---------------+----------------------------------------------------+-----
Dodging        | 2 3 4 5 6 7 8 9 10 11 12 13 14 | 14.5
Fighting       | 4 6 7 8 9 10 11 12 13 14 16 17 | 17.2
Stealth        | 5 |  5.0
Short Blades   | 3 5 6 7 9 10 12 13 14 | 14.0
Evocations     | 2 4 5 |  5.0
Invocations    | 2 4 6 8 9 10 | 10.0
Shields        | 3 7 10 12 13 14 | 14.9
Shapeshifting  | 1 4 7 9 10 | 10.0

Action                     |  1- 3 |  4- 6 |  7- 9 | 10-12 | 13-15 | 16-18 || total
---------------------------+-------+-------+-------+-------+-------+-------++-------
  Melee: Short sword       |    70 |       |       |       |       |       ||    70
         Tailslap          |    14 |    16 |    63 |   202 |   463 |   212 ||   970
         Dagger            |    44 |   145 |   408 |   973 |  2102 |   379 ||  4051
         Unarmed           |       |       |       |       |     3 |       ||     3
         War axe           |       |       |       |       |    11 |       ||    11
         Scimitar          |       |       |       |       |       |   509 ||   509
 Invoke: Convert to Beogh  |       |     1 |       |       |       |       ||     1
         Recruit Apostle   |       |       |       |     3 |     2 |       ||     5
         Smiting           |       |       |       |     2 |       |     1 ||     3
         Recall Apostles   |       |       |       |     2 |     2 |     7 ||    11
         Dismiss Apostle   |       |       |       |       |     3 |       ||     3
         Blood for Blood   |       |       |       |       |       |     1 ||     1
Ability: Mud Breath        |       |       |     1 |     4 |     9 |     7 ||    21
  Evoke: Wand              |     1 |       |    20 |    31 |    24 |    22 ||    98
         Phial of floods   |       |       |       |     1 |     1 |     3 ||     5
         Sack of spiders   |       |       |       |       |     3 |     1 ||     4
    Use: Scroll            |     1 |     6 |     1 |    13 |    13 |    10 ||    44
         Potion            |     1 |     1 |       |     4 |     3 |    12 ||    21
   Stab: Sleeping          |    10 |     5 |    18 |    26 |    37 |     7 ||   103
         Distracted        |     1 |       |     1 |     4 |    31 |    14 ||    51
         Confused          |       |       |       |       |     2 |     3 ||     5
         Held in net/web   |       |       |       |       |     1 |       ||     1
         Paralysed         |       |       |       |       |       |    10 ||    10
         Invisible         |       |       |       |       |       |     3 ||     3
 Armour: Skin              |    66 |    62 |   138 |   297 |   593 |   376 ||  1532
  Dodge: Dodged            |    62 |    79 |   303 |   558 |  1156 |  1017 ||  3175
  Block: Kite shield       |       |       |       |    68 |  1095 |   822 ||  1985

Table legend: (Time is in decaauts)
 A = Elapsed time spent in this place.
 B = Non-inter-level travel time spent in this place.
 C = Inter-level travel time spent in this place.
 D = Time resting spent in this place.
 E = Time spent auto-exploring this place.
 F = Levels seen in this place.
 G = Mean time per level.
                   A        B        C        D        E       F      G
               +--------+--------+--------+--------+--------+-----+--------+
         Total |  35800 |  31684 |   4116 |   6821 |  18028 |  29 | 1234.5 |
       Dungeon |  18981 |  16564 |   2417 |   3122 |  10490 |  15 | 1265.4 |
          Lair |   6951 |   6001 |    950 |   1016 |   3808 |   5 | 1390.2 |
   Spider Nest |   5052 |   4717 |    335 |   1428 |   2156 |   4 | 1263.0 |
  Orcish Mines |   2940 |   2527 |    413 |    749 |   1130 |   2 | 1470.0 |
         Abyss |    475 |    475 |      0 |     64 |      0 |   1 |  475.0 |
      Ice Cave |    920 |    920 |      0 |    348 |    261 |   1 |  920.0 |
       Volcano |    478 |    478 |      0 |     93 |    183 |   1 |  478.0 |
               +--------+--------+--------+--------+--------+-----+--------+

Top non-repeatable levels by time:
  Lair:3: 2668 daAuts
    D:11: 2442 daAuts
    D:10: 2312 daAuts
   Orc:2: 2225 daAuts
    D:12: 1872 daAuts
Spider:4: 1641 daAuts
Spider:3: 1627 daAuts
     D:9: 1591 daAuts
  Lair:2: 1360 daAuts
     D:7: 1249 daAuts
     D:2: 1230 daAuts
  Lair:5: 1174 daAuts
     D:6: 1072 daAuts
    D:15: 1041 daAuts
     D:1: 1022 daAuts
